 Dungeon Crawl Stone Soup version 0.31-a0-219-g8d62b2e7bb (webtiles) character file.

Game seed: 12410697742511793657

3638 Zonian the Thaumaturge (level 9, -7/45 HPs)
             Began as a Deep Elf Summoner on July 3, 2023.
             Was an Initiate of Gozag.
             Mangled by Grum
             ... wielding a +0 spear
              (22 damage)
             ... on level 9 of the Dungeon.
             The game lasted 00:31:49 (12502 turns).

Zonian the Thaumaturge (Deep Elf Summoner)         Turns: 12502, Time: 00:31:49

Health: -7/45      AC:  3    Str:  5    XL:     9   Next: 87%
Magic:  19/24      EV: 15    Int: 27    God:    Gozag
Gold:   23         SH:  5    Dex: 21    Spells: 16/26 levels left

rFire   . . .        F - +1 dagger (speed)
rCold   + . .        n - +1 buckler
rNeg    . . .        L - +3 leather armour {rC+}
rPois   .            c - +0 helmet of Cewequ {Regen+ rCorr Int+2}
rElec   .            (no cloak)
rCorr   +            (no gloves)
SInv    .            (no boots)
Will    +....        (no amulet)
Stlth   ++++         p - ring of willpower
HPRegen 1.07/turn    J - +6 ring of dexterity
MPRegen 0.19/turn

%: no passive effects
@: corroded, gold aura
A: no striking features
a: Renounce Religion, Potion Petition, Call Merchant, Bribe Branch


You were on level 9 of the Dungeon.
You worshipped Gozag.
Gozag was noncommittal.
You visited 2 branches of the dungeon, and saw 10 of its levels.
You also visited: Ossuary.

You collected 632 gold pieces.
You spent 405 gold pieces at shops.
You paid 204 gold pieces to Gozag.

Inventory:

Hand Weapons
 g - a +1 short sword
 s - a +0 long sword
 t - a +0 sling
 z - a +0 orcbow
 C - a +2 dagger of venom
 F - a +1 dagger of speed (weapon)
 G - a +0 dagger of venom
 P - a +1 short sword of draining
Missiles
 e - 10 poisoned darts
 h - 13 javelins
 u - 2 boomerangs of dispersal
 O - 2 boomerangs
Armour
 a - a +0 robe
 c - the +0 helmet of Cewequ (worn) {Regen+ rCorr Int+2}
   (You acquired it on level 4 of the Dungeon)

   Int:       It affects your intelligence (+2).
   Regen:     It increases your rate of health regeneration.
   rCorr:     It protects you from acid and corrosion.
 n - a +1 buckler (worn)
 v - the +7 ring mail of Loss {rPois Dex+4}
   (You found it on level 4 of the Dungeon)

   Dex:       It affects your dexterity (+4).
   rPois:     It protects you from poison.
 L - a +3 leather armour of cold resistance (worn)
 M - a +1 helmet of see invisible
Jewellery
 d - a ring of flight
 p - a ring of willpower (left hand)
 q - an amulet of faith
 J - a +6 ring of dexterity (right hand)
Wands
 w - a wand of charming (5)
 y - a wand of flame (33)
 K - a wand of roots (4)
 N - a wand of mindburst (21)
Scrolls
 f - 3 scrolls of teleportation
 k - 2 scrolls of enchant armour
 o - 3 scrolls of enchant weapon
 H - a scroll of poison {unknown}
 I - a scroll of brand weapon {unknown}
Potions
 b - a potion of magic
 i - a potion of invisibility
 j - 3 potions of brilliance
 l - 3 potions of berserk rage
 m - 6 potions of curing
 r - 2 potions of heal wounds
 x - 5 potions of attraction
 A - 2 potions of lignification
 B - 2 potions of enlightenment
 D - a potion of ambrosia
 E - a potion of haste {unknown}


   Skills:
 + Level 8.4 Dodging
 + Level 9.1 Stealth
 + Level 9.3 Spellcasting
 + Level 8.6 Summonings
 + Level 4.3 Air Magic


You had 16 spell levels left.
You knew the following spells:

 Your Spells              Type           Power      Damage    Failure   Level
a - Summon Small Mammal   Summ           100%       N/A       1%          1
b - Call Imp              Summ           100%       N/A       1%          2
c - Call Canine Familiar  Summ           56%        N/A       1%          3
d - Summon Lightning Spi  Summ/Air       47%        N/A       11%         4

Your spell library contained the following spells:

 Spells                   Type           Power      Damage    Failure   Level
 Summon Guardian Golem    Hex/Summ       35%        N/A       8%          3
 Swiftness                Air            36%        N/A       8%          3
 Ensorcelled Hibernation  Hex/Ice        24%        N/A       22%         2
 Passwall                 Tmut/Erth      10%        N/A       22%         2


Dungeon Overview and Level Annotations

Branches:
Dungeon (9/15)             Temple (1/1) D:7            Lair (0/5) D:8
Ossuary (visited)
    Orc: D:9-12

Altars:
Dithmenos
Elyvilon
Fedhas
Gozag
Hepliaklqana
Makhleb
Nemelex Xobeh
Qazlal
Ru
Sif Muna
Trog
Uskayaw
Vehumet
Wu Jian
Xom
Yredelemnul
The Shining One

Shops:
D:7 :[   D:8 *

Annotations:
D:4 1 runed translucent door, Crazy Yiuf, Grinder
D:5 3 runed translucent doors, IYTBazzie's ghost, novice MfWr; Zonian's ghost, novice DEAE; benadryl's ghost, novice DjHW
D:7 2 runed translucent doors
D:8 Gastronok
D:9 Grum


Message History

The orc wizard shouts!
You hear a shout!
The wolf is distracted by your dazzling golden aura.
Your wolf bites the wolf.
The wolf is no longer distracted by gold.
The wolf howls!
Unknown command.
Okay, then.
Casting: Call Imp (safe; 1% risk of failure)
Confirm with . or Enter, or press ? or * to list all spells.
Okay, then.
Casting: Call Imp (safe; 1% risk of failure)
Confirm with . or Enter, or press ? or * to list all spells.
A tiny devil pulls itself out of the air.
The wolf barely misses you.
Your wolf closely misses the wolf.
The wolf bites your cerulean imp. The wolf misses you.
Your wolf barely misses the acid dragon.
Unknown command.
The wolf attacks as you move away! You block the wolf's attack.
An orc wizard comes into view. It is wielding a +0 dagger.
Your wolf disappears in a puff of smoke!
The wolf closely misses your cerulean imp.
You hear a zap.
You hear a grinding noise.
Your cerulean imp closely misses the wolf.
The orc wizard hits you with a +0 dagger.
You barely miss the orc wizard. The wolf bites your cerulean imp!
The wolf completely misses you. The wolf bites you.
The wolf barely misses your cerulean imp.
You barely miss the orc wizard.
The orc wizard hits you with a +0 dagger.
Your cerulean imp hits the wolf with a +1 spear.
The wolf misses you. The wolf bites your cerulean imp!
Your cerulean imp dies!
Your cerulean imp disappears in a puff of smoke!
Unknown command.
You hit the orc wizard.
The orc wizard is lightly wounded.
The wolf bites you! The orc wizard misses you.
Grum hits you from afar with a +0 spear!!
You die...
Your body crumbles into a pile of gold.

....#............#.#
...........#.......##
...........D##.##...#
...........ยง.g....:..
.............h.......
..#..#...##.###......
# #.<.##.g.h......
########h..#... #@###
#o# #.. ...# ##o# .<
.. ...


You could see Grum, 2 wolves and 2 orc wizards.

Vanquished Creatures
  An orc warrior (D:7)
  An ice beast (D:8)
  A sky beast (D:7)
  A centaur (D:8)
  A bullfrog (D:7)
  A kobold brigand (D:8)
  3 scorpions
  An electric eel (D:7)
  An orc wizard (D:6)
  Natasha (D:4)
  Robin (D:2)
  5 gnolls
  An adder (D:3)
  2 ufetubi
  A dart slug (D:4)
  7 orcs
  A bat (D:3)
  2 endoplasms
  2 giant cockroaches (D:4)
  6 goblins
  A kobold (D:1)
  2 quokkas
  5 ball pythons
  3 frilled lizards
  A hobgoblin zombie (Ossuary)
  A kobold zombie (Ossuary)
  An orc zombie (D:6)
  2 rats
56 creatures vanquished.

Vanquished Creatures (collateral kills)
  A yak (D:8)
  A water moccasin (D:7)
  Duvessa (D:6)
  An orc warrior (D:8)
  An ice beast (D:7)
  2 black bears
  3 ogres
  A wolf (D:9)
  A centaur (D:6)
  4 bullfrogs
  A gnoll sergeant (D:8)
  2 elf skeletons (D:6)
  3 scorpions
  3 wights (D:8)
  Dowan (D:6)
  A crimson imp (D:7)
  A gnoll bouda (D:6)
  3 hounds
  An orc priest (D:8)
  2 jellies (D:6)
  3 sleepcaps
  2 human skeletons (D:6)
  An orc wizard (D:8)
  Natasha (D:4)
  3 iguanas
  8 mummies (Ossuary)
  An adder (D:5)
  10 gnolls
  A white imp (D:6)
  A worm (D:2)
  A dart slug (D:3)
  18 orcs
  A bat (D:1)
  5 endoplasms
  4 giant cockroaches
  A gnoll zombie (Ossuary)
  11 goblins
  7 hobgoblins
  4 kobolds
  2 quokkas
  3 ball pythons
  A hobgoblin zombie (Ossuary)
  2 kobold zombies (Ossuary)
  An orc skeleton (D:6)
  2 orc zombies (Ossuary)
  A rat (D:2)
129 creatures vanquished.

Vanquished Creatures (others)
  An orc wizard (D:6)
  An orc (D:6)
2 creatures vanquished.

Grand Total: 187 creatures vanquished

Notes
Turn   | Place    | Note
-------+----------+-------------------------------------------
     0 | D:1      | Zonian the Deep Elf Summoner began the quest for the Orb.
     0 | D:1      | Reached XP level 1. HP: 10/10 MP: 6/6
   448 | D:1      | Reached XP level 2. HP: 15/15 MP: 8/8
   920 | D:1      | You fall into a shaft and drop 1 floor!
  1020 | D:2      | Reached XP level 3. HP: 7/19 MP: 7/10
  1307 | D:2      | Learned a level 2 spell: Call Imp
  1516 | D:2      | Noticed Robin
  1567 | D:2      | Reached XP level 4. HP: 24/24 MP: 7/11
  2449 | D:2      | Killed Robin
  2450 | D:2      | Reached skill level 5 in Summonings
  3457 | D:3      | Reached XP level 5. HP: 26/28 MP: 7/13
  3848 | D:3      | Found an ornate altar of the Wu Jian Council.
  4052 | D:4      | Noticed a black bear
  4098 | D:4      | Learned a level 3 spell: Call Canine Familiar
  4129 | D:4      | Identified the +7 ring mail of Loss {rPois Dex+4}
  4166 | D:4      | Noticed Natasha
  4186 | D:4      | Identified a scroll of acquirement
  4186 | D:4      | Acquired the +0 helmet of Cewequ {Regen+ rCorr Int+2}
  4202 | D:4      | Killed Natasha
  4367 | D:4      | Reached XP level 6. HP: 28/32 MP: 12/15
  4603 | D:4      | Noticed Grinder
  4728 | D:4      | Reached skill level 5 in Spellcasting
  4735 | D:4      | Found a sparkling altar of Nemelex Xobeh.
  4775 | D:4      | Reached skill level 5 in Stealth
  5123 | D:4      | Found a runed translucent door.
  5124 | D:4      | Noticed Crazy Yiuf
  5139 | D:4      | Found a shimmering blue altar of Sif Muna.
  5345 | D:4      | Found a sacrificial altar of Ru.
  5498 | D:4      | Noticed Natasha
  5529 | D:4      | Killed Natasha
  5530 | D:4      | Reached skill level 5 in Dodging
  5635 | D:5      | Entered Level 5 of the Dungeon
  5645 | D:5      | Reached XP level 7. HP: 36/36 MP: 14/17
  5959 | D:5      | Found a runed translucent gate.
  5960 | D:5      | Found a runed translucent gate.
  5960 | D:5      | Found a runed translucent gate.
  5961 | D:5      | Noticed IYTBazzie's ghost (novice MfWr)
  5962 | D:5      | Noticed benadryl's ghost (novice DjHW)
  5963 | D:5      | Noticed Zonian's ghost (novice DEAE)
  6614 | D:5      | Found an opulent altar of Gozag.
  6855 | D:6      | Found a sand-covered staircase.
  6872 | Ossuary  | Entered an ossuary
  6896 | Ossuary  | Reached XP level 8. HP: 41/41 MP: 15/20
  7547 | D:6      | Learned a level 4 spell: Summon Lightning Spire
  8305 | D:6      | Reached skill level 1 in Air Magic
  8969 | D:6      | Noticed Duvessa
  8969 | D:6      | Noticed Dowan
  9062 | D:6      | Killed Duvessa
  9070 | D:6      | Killed Dowan
  9109 | D:6      | Found a shadowy altar of Dithmenos.
  9598 | D:7      | Found a stormy altar of Qazlal.
  9600 | D:7      | Noticed an air elemental
  9639 | D:7      | Reached XP level 9. HP: 28/45 MP: 16/23
  9685 | D:7      | Found a runed translucent door.
  9695 | D:7      | Found a runed translucent door.
  9733 | D:7      | Found a blossoming altar of Fedhas.
  9849 | D:7      | Found Damnugh's Armour Shop.
  9862 | D:7      | Bought a +3 leather armour of cold resistance for 240 gold
                  | pieces
  9872 | D:7      | Bought a +1 helmet of see invisible for 165 gold pieces
  9904 | D:7      | Found a radiant altar of Vehumet.
  9904 | D:7      | Found a burning altar of Makhleb.
 10395 | D:7      | Found Mennuppi's Book Emporium.
 10464 | D:7      | Found a staircase to the Ecumenical Temple.
 10477 | Temple   | Entered the Ecumenical Temple
 11169 | D:8      | Found a staircase to the Lair.
 11180 | D:8      | HP: 2/45 [orc warrior/+0 glaive (11)]
 11591 | D:8      | Found a hide-covered altar of Uskayaw.
 11810 | D:8      | Found Hunohuon's CLEARANCE SALE!.
 11969 | D:8      | Noticed Gastronok
 12074 | D:5      | Became a worshipper of Gozag Ym Sagoz the Greedy
 12490 | D:9      | Noticed Grum
 12502 | D:9      | Mangled by Grum

Illustrated notes

Levels and vault maps discovered:
D:1:      moated_graveyard_arrival, layout_loops_ring, chequers_mini_garden
D:2:      layout_basic, uniq_robin
D:3:      layout_basic, pdpol_wu_jian_five_deadly_venoms,
          wander_ebering_terrifying_dragon_lair
D:4:      layout_gridville, mainiacjoe_overflow_concentric_impassable,
          nemelex_dance_club_becter, nicolae_ru_awakened_eye, uniq_natasha,
          uniq_grinder, uniq_crazy_yiuf_cottage
D:5:      layout_basic, mainiacjoe_overflow_alcove_1, gammafunk_ghost_cemetery
D:6:      layout_basic, mainiacjoe_overflow_surrounded_room,
          nicolae_ossuary_entry_catacombs, uniq_duvessa
D:7:      lemuel_insect_pit, layout_rooms,
          grunt_temple_overflow_lords_of_destruction, lemuel_crystal_altar,
          nicolae_qazlal_style_of_elements, temple_hall, serial_shops,
          nicolae_lakefront_shop, shop, minivault_14, skrybe_limestone_x
D:8:      layout_basic, lemuel_coloured_pillars_altar,
          grunt_lair_entry_orc_guard_hut, enter_bailey_4,
          kennysheep_another_room, nicolae_shop_clearance, uniq_gastronok
D:9:      layout_cave_pools, mainiacjoe_overflow_boulevard,
          lemuel_crystal_altar, mainiacjoe_overflow_six_doors_small,
          zin_statuary, orc_0_dummy, special_room [special_room_bee],
          ebering_ghost_xom, kennysheep_minor_cross, corexii_checkpoint_a,
          chequers_serial_rivers_room_a, uniq_harold, uniq_grum, uniq_maurice
Temple:   nicolae_temple_two_arcs

Skill      XL: |  1  2  3  4  5  6  7  8  9 |
---------------+----------------------------+-----
Dodging        | 3 4 5 6 7 8 |  8.4
Stealth        | 3 4 5 6 7 9 |  9.1
Spellcasting   | 4 5 6 8 9 |  9.3
Summonings     | 5 6 7 8 |  8.6
Air Magic      | 2 4 |  4.3

Action                     |  1- 3 |  4- 6 |  7- 9 || total
---------------------------+-------+-------+-------++-------
  Melee: Unarmed           |    12 |       |       ||    12
         Short sword       |    31 |   118 |   135 ||   284
         Dagger            |       |       |   134 ||   134
  Throw: Javelin           |       |     2 |       ||     2
         Dart              |       |     1 |       ||     1
         Boomerang         |       |       |     2 ||     2
   Cast: Summon Small Mamm |    27 |    20 |    11 ||    58
         Call Imp          |     5 |    26 |    23 ||    54
         Call Canine Famil |       |       |    37 ||    37
  Evoke: Wand              |       |       |     8 ||     8
    Use: Scroll            |       |    13 |    12 ||    25
         Potion            |       |       |     3 ||     3
   Stab: Distracted        |     2 |     3 |     3 ||     8
         Sleeping          |     2 |     6 |     9 ||    17
 Armour: Robe              |    18 |    26 |    25 ||    69
         Leather armour    |       |       |    26 ||    26
  Dodge: Dodged            |    32 |    78 |   163 ||   273
  Block: Buckler           |       |    28 |    65 ||    93

Table legend: (Time is in decaauts)
 A = Elapsed time spent in this place.
 B = Non-inter-level travel time spent in this place.
 C = Inter-level travel time spent in this place.
 D = Time resting spent in this place.
 E = Time spent auto-exploring this place.
 F = Levels seen in this place.
 G = Mean time per level.
                   A        B        C        D        E       F      G
               +--------+--------+--------+--------+--------+-----+--------+
         Total |  12548 |  12103 |    445 |   4234 |   5165 |  11 | 1140.7 |
       Dungeon |  12170 |  11725 |    445 |   4234 |   5037 |   9 | 1352.2 |
        Temple |    175 |    175 |      0 |      0 |    106 |   1 |  175.0 |
       Ossuary |    202 |    202 |      0 |      0 |     22 |   1 |  202.0 |
               +--------+--------+--------+--------+--------+-----+--------+

Top non-repeatable levels by time:
     D:6: 2518 daAuts
     D:5: 1657 daAuts
     D:4: 1608 daAuts
     D:3: 1433 daAuts
     D:1: 1378 daAuts
     D:7: 1230 daAuts
     D:2: 1224 daAuts
     D:8: 1102 daAuts
 Ossuary: 202 daAuts
  Temple: 175 daAuts
     D:9: 16 daAuts
